 Dungeon Crawl Stone Soup version 0.25.1-2-g60ff931df9 (webtiles) character file.

Game seed: 15131206601474706816

65067 OdinFK the Impaler (level 15, -8/127 HPs)
             Began as a Merfolk Skald on Oct 19, 2020.
             Was the Champion of Fedhas.
             Killed from afar by Jorgrun (54 damage)
             ... with an iron shot
             ... on level 14 of the Dungeon on Oct 20, 2020.
             The game lasted 01:26:47 (19815 turns).

OdinFK the Impaler (Merfolk Skald)                 Turns: 19815, Time: 01:26:47

Health: -8/127     AC: 13    Str: 23    XL:     15   Next: 15%
Magic:  24/24      EV: 23    Int: 13    God:    Fedhas [******]
Gold:   1874       SH:  0    Dex: 14    Spells: 18/26 levels left

rFire    + . .     SeeInvis .   y - +9 trident (elec)
rCold    + + .     Gourm    .   (no shield)
rNeg     . . .     Faith    .   s - +0 troll leather armour
rPois    .         Spirit   .   K - +2 helmet
rElec    .         Reflect  .   z - scarf {rC+ rF+}
rCorr    .         Harm     .   C - +0 pair of gloves
MR       +....                  k - +0 pair of boots
Stlth    +.........             j - amulet of regeneration
HPRegen  1.11/turn              h - ring of Plog {rC+ AC+4}
MPRegen  0.19/turn              E - +6 ring of strength

@: no status effects
A: change form in water, swift swim, stealthy swim
a: Wall of Briars, Grow Ballistomycete, Overgrow, Grow Oklob, Renounce Religion


You were on level 14 of the Dungeon.
You worshipped Fedhas.
Fedhas was exalted by your worship.
You were not hungry.

You visited 3 branches of the dungeon, and saw 20 of its levels.
You also visited: Ice Cave.

You collected 1874 gold pieces.

Inventory:

Hand Weapons
 y - a +9 trident of electrocution (weapon)
Missiles
 e - 18 boomerangs
 P - 3 throwing nets
 V - 28 poisoned darts (quivered)
 Z - 5 silver javelins
Armour
 k - a +0 pair of boots (worn)
 s - a +0 troll leather armour (worn)
 z - a scarf of resistance (worn)
 C - a +0 pair of gloves (worn)
 K - a +2 helmet (worn)
 S - a +3 leather armour of fire resistance
Jewellery
 g - an uncursed amulet of reflection
 h - the ring of Plog (left hand) {rC+ AC+4}
   (You found it on level 2 of the Lair of Beasts)

   [ring of protection]

   It affects your AC (+4).
   It protects you from cold.
 i - an uncursed ring of resist corrosion
 j - an amulet of regeneration (around neck)
 v - an uncursed ring of flight
 E - a +6 ring of strength (right hand)
 I - an uncursed amulet of the acrobat
 X - an uncursed ring of positive energy
Wands
 A - a wand of clouds (3)
 F - a wand of acid (10)
 G - a wand of disintegration (38)
 J - a wand of digging (7)
 T - a wand of paralysis (9)
 W - a wand of flame (9)
Scrolls
 p - 5 scrolls of fear
 t - 11 scrolls of teleportation
 u - 7 scrolls of remove curse
 x - a scroll of blinking
 B - a scroll of summoning
 H - 2 scrolls of magic mapping
 L - a scroll of fog
 N - a scroll of enchant armour {unknown}
 O - a scroll of torment {unknown}
 U - 2 scrolls of vulnerability
Potions
 a - a potion of mutation {unknown}
 b - 2 potions of brilliance {unknown}
 c - 10 potions of curing
 m - a potion of magic {unknown}
 n - 2 potions of invisibility
 o - a potion of ambrosia {unknown}
 q - 3 potions of haste
 r - 2 potions of resistance
 w - 3 potions of heal wounds
 D - 5 potions of berserk rage
 M - 7 potions of lignification
 Q - a potion of cancellation {unknown}
Miscellaneous
 l - a box of beasts
 R - 2 phantom mirrors
 Y - a tin of tremorstones (3/3)
Comestibles
 d - 43 rations
 f - 8 chunks of flesh


   Skills:
 + Level 14.4 Fighting
 - Level 17.0 Polearms
 - Level 6.0 Throwing
 - Level 3.0 Armour
 + Level 16.7 Dodging
 - Level 6.0 Spellcasting
 - Level 1.0 Hexes
 - Level 8.0 Charms
 - Level 1.0 Translocations
 - Level 6.0 Invocations
 - Level 4.0 Evocations


You had 18 spell levels left.
You knew the following spells:

 Your Spells              Type           Power        Failure   Level  Hunger
a - Infusion              Chrm           ###.         1%          1    None
b - Shroud of Golubria    Chrm/Tloc      ###...       4%          2    ##.....
c - Song of Slaying       Chrm           ###.....     1%          2    ##.....
d - Spectral Weapon       Hex/Chrm       ###.....     9%          3    ###....

Your spell library contained the following spells:

 Spells                   Type           Power        Failure   Level  Hunger
 Ozocubu's Armour         Chrm/Ice       ##......     11%         3    ###....
 Animate Skeleton         Necr           N/A          19%         1    None
 Beastly Appendage        Tmut           #.....       19%         1    None
 Pain                     Necr           #...         19%         1    None
 Sting                    Tmut/Pois      #...         19%         1    None
 Summon Butterflies       Summ           #.......     19%         1    None
 Poisonous Vapours        Pois/Air       #.....       28%         2    ##.....
 Sticks to Snakes         Tmut           #.......     28%         2    ##.....
 Confusing Touch          Hex            #.......     36%         3    ###....
 Gell's Gravitas          Tloc           #.........   36%         3    ###....
 Call Canine Familiar     Summ           #.......     50%         3    ###....
 Ignite Poison            Fire/Tmut/Pois #.......     50%         3    ###....
 Mephitic Cloud           Conj/Pois/Air  #.......     50%         3    ###....
 Spider Form              Tmut/Pois      #.........   50%         3    ###....
 Vampiric Draining        Necr           #.........   50%         3    ###....
 Animate Dead             Necr           N/A          88%         4    ####...
 Ice Form                 Ice/Tmut       #.......     88%         4    ####...
 Olgreb's Toxic Radiance  Pois           #.......     88%         4    ####...
 Petrify                  Tmut/Erth      #.......     88%         4    ####...
 Summon Ice Beast         Ice/Summ       #.......     88%         4    ####...
 Agony                    Necr           #.......     99%         5    ######.
 Blade Hands              Tmut           #.........   99%         5    ######.
 Metabolic Englaciation   Hex/Ice        #.........   99%         5    ######.
 Summon Mana Viper        Hex/Summ       #.......     99%         5    ######.
 Yara's Violent Unravell  Hex/Tmut       #.........   99%         5    ######.
 Summon Hydra             Summ           #.........   100%        7    #######


Dungeon Overview and Level Annotations

Branches:
Dungeon (14/15)            Temple (1/1) D:5            Lair (5/6) D:9
 Shoals (0/4) Lair:3       Spider (0/4) Lair:4          Orc (0/2) D:10
 Vaults (0/5) D:13          IceCv (visited)
  Slime: Lair:5-6

Altars:
Ashenzari
Cheibriados
Dithmenos
Elyvilon
Fedhas
Gozag
Hepliaklqana
Kikubaaqudgha
Makhleb
Nemelex Xobeh
Okawaru
Qazlal
Ru
Sif Muna
Trog
Uskayaw
Vehumet
Wu Jian
Xom
Yredelemnul
Zin
The Shining One

Annotations:
D:4 exclusion: downstairs
D:14 Jorgrun


Message History

Found a vibrating pewter ring.
A troll and a wraith come into view.
The troll shouts!
Found a runed falchion and 13 gold pieces.
The wraith barely misses you.
Found 6 gold pieces.
The troll completely misses you. The troll barely misses you.
The troll misses you. The wyvern completely misses you.
The soldier ant changes into a big kobold!
The wyvern completely misses you.
The wyvern bites you but does no damage.
Found 39 gold pieces.
You are no longer corroded.
The wyvern bites you but does no damage.
The wyvern bites you but does no damage.
Some rock shatters into small pieces.
Jorgrun gestures at you while chanting. The iron shot hits you!!!
You die...
Fedhas appreciates your contribution to the ecosystem.

......# .....#####........#..
......# ......####.........###
#.....# ....................#..
#.....####...............###.....
...............g..........#.....#
.............##........#..#..#...
.............##........#######...
.............##...###..# $# #..#
.............##.@..#...... ......
.............##l#..#$.#..###..#.)
../..........##T#######.......###
.............##.#.$#..#....... .
.............##.J..#.....###.. .
.......)..........###.....#... .#
.............#...Z.....# ..
.............###.......#######..[
.............##.....K..#.)#..#...


You could see Jorgrun, a troll and a wyvern.

Vanquished Creatures
  Kirke (Lair:4)
  An ironheart preserver (D:13)
  Snorg (Lair:4)
  A fire dragon (D:14)
  8 hydras
  An ice dragon (IceCv)
  The ghost of SkiLLzEr0 the Cleaver, a novice MiFi of Makhleb (D:9)
  3 catoblepae
  2 two-headed ogres (D:14)
  3 centaur warriors
  2 death yaks (Lair:5)
  Urug (D:11)
  A skeletal warrior (D:14)
  A deep elf archer (D:14)
  2 unseen horrors
  Pikel (D:5)
  A wizard (D:14)
  An orb spider (shapeshifter) (D:13)
  A necromancer (Lair:2)
  5 cyclopes
  3 ugly things
  2 manticores
  4 elephants
  4 centaur zombies
  3 black mambas
  15 spiny frogs
  4 rime drakes
  A freezing wraith (D:14)
  2 ice statues (IceCv)
  2 centaur skeletons
  2 komodo dragons (Lair:5)
  A troll (shapeshifter) (D:14)
  3 trolls
  3 meliai (Lair:5)
  2 polar bears
  A queen bee (Lair:5)
  2 hornets
  6 dream sheep (Lair:4)
  3 blink frogs (Lair:1)
  4 slime creatures (D:12)
  7 hippogriffs
  2 shadows (D:13)
  2 spriggans (D:9)
  A centaur simulacrum (D:14)
  3 basilisks
  A fire elemental (Lair:1)
  2 wraiths
  3 hogs (Lair:4)
  Grum (D:8)
  38 yaks
  Eustachio (D:4)
  3 hungry ghosts
  A steam dragon (Lair:4)
  2 acid dragons
  3 wargs
  6 water moccasins
  4 porcupines
  7 orc warriors
  2 slaves (D:4)
  2 black bears
  23 ice beasts
  3 phantoms
  3 necrophages
  A sky beast (D:14)
  11 wolves
  9 ogres
  9 centaurs
  8 crocodiles
  A big kobold (D:8)
  25 bullfrogs
  A gnoll sergeant (D:5)
  4 troll zombies (D:10)
  2 scorpions
  36 killer bees
  4 wights (D:7)
  7 howler monkeys
  6 crimson imps
  An electric eel (Lair:5)
  5 jellies
  A bullfrog zombie (D:13)
  A quasit (D:13)
  10 hounds
  12 orc priests
  3 iguanas
  19 orc wizards
  4 yak simulacra (Lair:2)
  Natasha (twice) (D:4)
  5 worker ants
  4 wolf simulacra (Lair:2)
  2 polar bear simulacra (Lair:2)
  4 ogre zombies (D:10)
  A hound zombie (D:4)
  3 hound skeletons (D:8)
  2 worker ant zombies
  8 gnolls
  7 adders
  6 shadow imps
  3 adder skeletons
  4 worms
  A dart slug (D:3)
  5 leopard geckos
  58 orcs
  4 ball pythons
  5 bats
  8 giant cockroaches
  7 goblins
  8 hobgoblins
  14 kobolds
  5 quokkas
  4 frilled lizards
  A goblin skeleton (D:10)
  4 goblin zombies (D:10)
  A hobgoblin skeleton (D:10)
  2 hobgoblin zombies (D:10)
  2 jackal zombies
  A leopard gecko skeleton (D:8)
  3 orc skeletons (D:10)
  14 orc zombies (D:10)
  2 quokka skeletons
  9 rats
  A river rat simulacrum (Lair:2)
615 creatures vanquished.

Vanquished Creatures (others)
  2 oklob plants (Lair:5)
  An adder zombie (D:5)
  4 fungi
  10 plants
  15 spectral weapons
32 creatures vanquished.

Grand Total: 647 creatures vanquished

Notes
Turn   | Place    | Note
-------+----------+-------------------------------------------
     0 | D:1      | OdinFK the Merfolk Skald began the quest for the Orb.
     0 | D:1      | Reached XP level 1. HP: 16/16 MP: 3/3
   367 | D:1      | Reached XP level 2. HP: 17/23 MP: 5/5
  1141 | D:2      | Learned a level 2 spell: Shroud of Golubria
  1187 | D:2      | Found a faded altar of an unknown god.
  1218 | D:2      | Reached skill level 1 in Armour
  1230 | D:2      | Reached XP level 3. HP: 19/28 MP: 3/6
  1368 | D:2      | Noticed a phantom
  1597 | D:3      | Reached XP level 4. HP: 34/34 MP: 7/7
  1836 | D:3      | Reached skill level 4 in Polearms
  2473 | D:2      | Reached XP level 5. HP: 30/41 MP: 5/8
  2593 | D:3      | Learned a level 2 spell: Song of Slaying
  2597 | D:3      | Learned a level 3 spell: Spectral Weapon
  2762 | D:4      | Noticed a phantom
  2919 | D:4      | Found a shattered altar of Ashenzari.
  3306 | D:4      | Reached skill level 5 in Polearms
  3306 | D:4      | Reached skill level 1 in Throwing
  3598 | D:4      | Found a burning altar of Makhleb.
  3606 | D:4      | Noticed Natasha
  3618 | D:4      | Killed Natasha
  3618 | D:4      | Reached XP level 6. HP: 35/47 MP: 2/9
  4108 | D:4      | Noticed Natasha
  4116 | D:4      | Killed Natasha
  4116 | D:4      | Reached skill level 5 in Dodging
  4379 | D:5      | Entered Level 5 of the Dungeon
  4379 | D:5      | Found a blossoming altar of Fedhas.
  4379 | D:5      | Found a hazy altar of Hepliaklqana.
  4379 | D:5      | Noticed a slave
  4382 | D:5      | Noticed a slave
  4383 | D:5      | Noticed a slave
  4387 | D:4      | Reached skill level 6 in Polearms
  4392 | D:5      | Noticed a slave
  4393 | D:5      | Noticed Pikel
  4450 | D:4      | Killed a slave
  4488 | D:4      | Killed a slave
  4616 | D:5      | Found an opulent altar of Gozag.
  4630 | D:5      | Noticed Eustachio
  4955 | D:4      | Killed Eustachio
  4955 | D:4      | Reached XP level 7. HP: 50/52 MP: 8/11
  5139 | D:5      | Found a staircase to the Ecumenical Temple.
  5153 | Temple   | Entered the Ecumenical Temple
  5384 | D:5      | Found a radiant altar of Vehumet.
  5447 | D:5      | Became a worshipper of Fedhas Madash
  5575 | D:5      | Reached skill level 7 in Polearms
  5670 | D:5      | Killed Pikel
  5670 | D:5      | Reached skill level 5 in Fighting
  5670 | D:5      | Reached skill level 8 in Polearms
  5670 | D:5      | Reached XP level 8. HP: 62/62 MP: 12/12
  5724 | D:5      | Reached skill level 1 in Hexes
  5971 | D:6      | Reached skill level 1 in Invocations
  5971 | D:6      | Reached skill level 1 in Evocations
  6197 | D:6      | Reached * piety under Fedhas
  6197 | D:6      | Reached skill level 5 in Charms
  6197 | D:6      | Reached XP level 9. HP: 57/68 MP: 9/14
  6596 | D:7      | Reached skill level 9 in Polearms
  6614 | D:7      | Found a shimmering blue altar of Sif Muna.
  7258 | D:8      | Reached ** piety under Fedhas
  7309 | D:8      | Reached skill level 10 in Polearms
  7476 | D:8      | Noticed Grum
  7518 | D:7      | Reached XP level 10. HP: 41/79 MP: 9/15
  7712 | D:8      | Identified the cursed +1 rapier of Ethereal Valiance
                  | {protect, +Blink rC+}
  7903 | D:8      | Killed Grum
  7903 | D:8      | Reached *** piety under Fedhas
  8121 | D:8      | Found a basalt altar of Yredelemnul.
  8203 | D:9      | Found a staircase to the Lair.
  8400 | D:9      | Found a runed translucent door.
  8402 | D:9      | Noticed SkiLLzEr0's ghost (novice MiFi)
  8402 | D:9      | Identified the +3 spear of the Puffin {speed, Str+3}
  8529 | D:9      | Reached skill level 11 in Polearms
  8553 | D:9      | Found a shimmering altar of Xom.
  8628 | D:9      | Reached skill level 10 in Dodging
  8908 | D:10     | Entered Level 10 of the Dungeon
  8994 | D:10     | Reached **** piety under Fedhas
  9080 | D:10     | Found a staircase to the Orcish Mines.
  9320 | D:10     | Reached ***** piety under Fedhas
  9615 | D:10     | Reached XP level 11. HP: 87/87 MP: 17/17
  9650 | D:10     | Killed an unseen horror
  9844 | D:11     | Noticed a cyclops
  9870 | D:11     | Noticed Urug
  9912 | D:11     | Reached skill level 12 in Polearms
 10318 | D:11     | Killed a cyclops
 10420 | D:11     | Killed Urug
 10757 | D:12     | Killed an unseen horror
 10783 | D:12     | Found a burning altar of Makhleb.
 11113 | D:12     | Reached skill level 5 in Spellcasting
 11430 | D:12     | Noticed a brown ugly thing
 11442 | D:12     | Killed a brown ugly thing
 11451 | D:12     | Reached skill level 5 in Throwing
 11825 | Lair:1   | Entered Level 1 of the Lair of Beasts
 11846 | Lair:1   | You fall into a shaft and drop 1 floor!
 11946 | Lair:1   | Reached XP level 12. HP: 97/97 MP: 10/19
 11990 | Lair:1   | Reached skill level 10 in Fighting
 11994 | Lair:1   | Reached skill level 13 in Polearms
 12002 | Lair:1   | Found a frozen archway.
 12017 | IceCv    | Entered an ice cave
 12364 | IceCv    | Noticed an ice dragon
 12364 | IceCv    | Noticed an ice dragon
 12529 | IceCv    | Killed an ice dragon
 12844 | D:9      | Killed SkiLLzEr0's ghost
 12844 | D:9      | Reached skill level 14 in Polearms
 12973 | Lair:1   | Reached skill level 1 in Translocations
 12977 | Lair:1   | Reached ****** piety under Fedhas
 13644 | Lair:2   | Noticed a catoblepas
 13660 | Lair:2   | Killed a catoblepas
 13690 | Lair:2   | Reached XP level 13. HP: 106/106 MP: 16/21
 14269 | Lair:2   | Got a clouded silver ring
 14271 | Lair:2   | Identified the ring of Plog {rC+ AC+4} (You found it on
                  | level 2 of the Lair of Beasts)
 14508 | Lair:3   | Found a staircase to the Shoals.
 15352 | Lair:4   | Found a hole to the Spider Nest.
 15374 | Lair:4   | Noticed Kirke
 15398 | Lair:4   | Reached skill level 15 in Polearms
 15398 | Lair:4   | Reached skill level 5 in Invocations
 15410 | Lair:4   | Killed Kirke
 15917 | Lair:4   | Noticed Snorg
 15941 | Lair:4   | Killed Snorg
 16681 | Lair:5   | Reached skill level 16 in Polearms
 16681 | Lair:5   | Reached XP level 14. HP: 116/116 MP: 15/22
 16859 | Lair:5   | Reached skill level 15 in Dodging
 18404 | D:13     | Found a gate to the Vaults.
 18404 | D:13     | Noticed an ironheart preserver
 18875 | D:13     | Killed an ironheart preserver
 19227 | D:14     | Reached skill level 17 in Polearms
 19354 | D:14     | Found a glowing silver altar of Zin.
 19479 | D:14     | Found a shimmering blue altar of Sif Muna.
 19566 | D:14     | Reached XP level 15. HP: 116/126 MP: 24/24
 19789 | D:14     | Noticed Jorgrun
 19815 | D:14     | Killed from afar by Jorgrun

Illustrated notes

Levels and vault maps discovered:
D:1:      nzn_arrival_depleted_hourglass, layout_basic
D:2:      layout_rooms, chequers_ecumenical_altar_simple_redux
D:3:      layout_basic, first_ration, minmay_misc_feat_five, eino_tiny_chamber
D:4:      layout_basic, lemuel_doored_altar, ashenzari_altar_1, uniq_natasha
D:5:      layout_cave_pools, grunt_temple_overflow_open,
          minmay_temple_entry_offerings, basic_altar, minmay_misc_feat_x,
          minmay_misc_feat_encased, uniq_eustachio, uniq_pikel
D:6:      layout_rooms
D:7:      layout_loops_ring, kennysheep_little_box
D:8:      layout_rooms, lemuel_round_altar, uniq_grum, uniq_maurice
D:9:      layout_cave_pools, erik_lair_orcish_takeover,
          ebering_ghost_funeral_grove, basic_altar
D:10:     layout_loops_ring, zombieorc2_lemuel
D:11:     layout_stronghold, grunt_ogre_cave, uniq_urug
D:12:     layout_cave_pods, basic_altar
D:13:     layout_irregular_city, skrybe_vaults_entry_preservation,
          minmay_checkerbox
D:14:     hangedman_cross_cluster, layout_basic, minivault_26, tgw_sif,
          uniq_jorgrun
Temple:   nicolae_temple_elliptical
Lair:1:   layout_gridlike, portal_ice_cave_entry_ice_beasts, serial_bayou_pond_d
Lair:2:   layout_roguey, eino_house_with_fridge
Lair:3:   layout_roguey, minmay_shoals_entry_centaurs
Lair:4:   layout_cave_pods, spider_nest_entry_a, uniq_kirke, uniq_snorg
Lair:5:   regret_index_harrowing_hell_hive, layout_misc_corridors,
          serial_bayou_lake_a, minmay_lair_oklob_chamber, lemuel_fruit_tree

Skill      XL: |  1  2  3  4  5  6  7  8  9 10 11 12 13 14 |
---------------+-------------------------------------------+-----
Armour         | 1 2 3 |  3.0
Dodging        | 3 4 5 7 9 10 11 13 14 16 | 16.7
Polearms       | 4 5 6 8 10 11 12 14 16 17 | 17.0
Fighting       | 3 5 7 8 9 11 12 14 | 14.4
Charms         | 4 5 6 7 8 |  8.0
Throwing       | 1 2 3 4 5 6 |  6.0
Spellcasting   | 3 4 5 6 |  6.0
Hexes          | 1 |  1.0
Invocations    | 1 2 3 4 5 6 |  6.0
Evocations     | 1 2 3 4 |  4.0
Translocations | 1 |  1.0

Action                   |  1- 3 |  4- 6 |  7- 9 | 10-12 | 13-15 || total
-------------------------+-------+-------+-------+-------+-------++-------
Melee: Spear             |   173 |   342 |   109 |       |       ||   624
       Trident           |       |       |   292 |   930 |   879 ||  2101
       Tailslap          |       |       |       |       |     4 ||     4
Throw: Dart              |       |    25 |    27 |    19 |     2 ||    73
       Throwing net      |       |       |     1 |       |       ||     1
       Boomerang         |       |       |       |    11 |     1 ||    12
       Javelin           |       |       |       |     1 |       ||     1
 Cast: Infusion          |     2 |    13 |     8 |    31 |    25 ||    79
       Shroud of Golubri |     1 |    12 |    10 |    29 |    19 ||    71
       Song of Slaying   |       |       |     5 |    20 |    17 ||    42
       Spectral Weapon   |       |       |     4 |    22 |    32 ||    58
Evoke: Wand              |       |       |       |     2 |       ||     2
  Use: Scroll            |       |     1 |     7 |    10 |    15 ||    33
 Stab: Sleeping          |     2 |       |     1 |     3 |     2 ||     8
       Distracted        |       |       |     1 |     2 |     5 ||     8
  Eat: Chunk             |     3 |     8 |    10 |    28 |    26 ||    75
       Ration            |       |     1 |       |       |       ||     1
Armor: Leather armour    |    25 |    56 |    29 |       |       ||   110
       Troll leather arm |       |       |    61 |   158 |   153 ||   372
       Crystal plate arm |       |       |       |    10 |       ||    10
Dodge: Dodged            |    70 |   201 |   286 |   470 |   630 ||  1657
